 Dungeon Crawl Stone Soup version 0.31-a0-229-g1fc7ce93e2 (webtiles) character file.

Game seed: 2142152451772244283

37 qw the Shooter (level 3, -1/21 HPs)
             Began as a Gargoyle Hexslinger on July 6, 2023.
             Slain by a goblin
             ... wielding a +0 club
             ... led by Robin
              (3 damage)
             ... on level 1 of the Dungeon.
             The game lasted 00:00:23 (607 turns).

qw the Shooter (Gargoyle Hexslinger)                 Turns: 607, Time: 00:00:24

Health: -1/21      AC:  5    Str: 11    XL:     3   Next: 39%
Magic:  4/4        EV: 12    Int: 13    God:
Gold:   29         SH:  0    Dex: 14    Spells: 3/4 levels left

rFire   . . .        Y - +1 sling
rCold   . . .        (no shield)
rNeg    + . .        c - +0 robe
rPois   inf          (no helmet)
rElec   +            (no cloak)
rCorr   .            (no gloves)
SInv    .            (no boots)
Will    .....        (no amulet)
Stlth   +            (no ring)
HPRegen 0.23/turn    (no ring)
MPRegen 0.09/turn

%: no passive effects
@: no status effects
A: sickness immunity, AC +3, negative energy resistance 1, electricity
resistance, torment resistance 1, petrification resistance
a: no special abilities


You were on level 1 of the Dungeon.
You visited 1 branch of the dungeon, and saw 2 of its levels.

You collected 29 gold pieces.


Innate Abilities, Weirdness & Mutations

You are immune to sickness and miasma.
Your stone body is resilient. (AC +3)
You are immune to poison.
You resist negative energy. (rN+)
You are resistant to electric shocks. (rElec)
You are resistant to unholy torment.
You are immune to petrification.


   Skills:
 - Level 2.0 Fighting
 + Level 3.3 Ranged Weapons
 - Level 1.5 Dodging
 - Level 1.0 Spellcasting
 - Level 2.6 Hexes


You had 3 spell levels left.
You knew the following spells:

 Your Spells              Type           Power      Damage    Failure   Level
a - Slow                  Hex            28%        N/A       10%         1

Your spell library contained the following spells:

 Spells                   Type           Power      Damage    Failure   Level
 Inner Flame              Hex/Fire       4%         N/A       43%         3
 Portal Projectile        Hex/Tloc       8%         N/A       43%         3
 Cause Fear               Hex            3%         N/A       67%         4

Inventory:

Hand Weapons
 Y - a +1 sling (weapon)
Armour
 c - a +0 robe (worn)
Potions
 e - a potion of heal wounds {unknown}

Dungeon Overview and Level Annotations

Branches:
Dungeon (2/15)

Altars:

Shops:
D:1 *

Annotations:
D:2 Robin


Message History

The frilled lizard barely misses you. Robin throws the goblin at you!
The goblin hits you but does no damage. The hobgoblin hits you.
The goblin barely misses you. The goblin hits you with a +0 club.
The bat closely misses you.
You climb upwards.
There is a stone staircase leading down here.
Enter note:
Enter note:
Enter note:
Enter note: You shoot a sling bullet.
The sling bullet hits the goblin.
You kill the goblin!
The bat closely misses you. The hobgoblin barely misses you.
The goblin closely misses you. The goblin barely misses you.
The frilled lizard bites you. The goblin hits you but does no damage.
The frilled lizard bites you but does no damage.
The hobgoblin hits you but does no damage.
The goblin hits you but does no damage.
You shoot a sling bullet.
The sling bullet hits the hobgoblin but does no damage.
The bat hits you. The goblin hits you with a +0 club.
The goblin hits you but does no damage.
The hobgoblin hits you but does no damage.
The frilled lizard closely misses you.
You shoot a sling bullet.
The sling bullet hits the hobgoblin but does no damage.
The bat closely misses you. The goblin hits you but does no damage.
The goblin misses you. The hobgoblin misses you.
The frilled lizard closely misses you.
You shoot a sling bullet. The sling bullet hits the hobgoblin.
The hobgoblin is almost dead.
The bat closely misses you.
The goblin hits you but does no damage. x2
The hobgoblin barely misses you. The frilled lizard closely misses you.
The bat hits you but does no damage.
You shoot a sling bullet. The sling bullet hits the hobgoblin.
You kill the hobgoblin!
The bat hits you but does no damage. The goblin barely misses you.
The goblin closely misses you. The frilled lizard misses you.
The goblin barely misses you. The goblin hits you with a +0 club.
You die...

...# #..#.####...#..#
...###....## ###....######
...........# #..\......#
.###..###..## #.........#
............## #.........#
.#...#####...###......(..#
....##<#####..##.........#
..###...####...#)........#
..#...~...##...l@.b......########
..#.}.~.}.##>..g.g.......##......
..#...~...##....)######..##......
..#.}.~.}.#.)........##..........
..#...~...##.........###.........
..#.}.~.}.##.........###.........
..#...~...##.....................
..#.}.~.}.##.##..#....##.........
..#...~...##..#..####..#.........


You could see 2 goblins, a bat and a frilled lizard.

Vanquished Creatures
  2 dart slugs (D:1)
  6 endoplasms (D:1)
  2 giant cockroaches (D:1)
  4 goblins
  4 hobgoblins (D:1)
  3 kobolds (D:1)
  A quokka (D:1)
  2 ball pythons (D:1)
  2 bats (D:1)
  A frilled lizard (D:1)
  3 rats (D:1)
30 creatures vanquished.

Notes
Turn   | Place    | Note
-------+----------+-------------------------------------------
     0 | D:1      | qw the Gargoyle Hexslinger began the quest for the Orb.
     0 | D:1      | Reached XP level 1. HP: 12/12 MP: 2/2
     0 | D:1      | 0 ||| qw: Version: 0.3-a-46-gb1f654a
     0 | D:1      | 0 ||| qw: Game counter: 1236
     0 | D:1      | 0 ||| qw: Melee chars always use a shield: true
     0 | D:1      | 0 ||| qw: God list: Okawaru
     0 | D:1      | 0 ||| qw: Allow faded altars: false
     0 | D:1      | 0 ||| qw: Do Orc after clearing Dungeon:15 true
     0 | D:1      | 0 ||| qw: Do second Lair branch before Depths: true
     0 | D:1      | 0 ||| qw: Lair rune preference: random
     0 | D:1      | 0 ||| qw: Goals: Normal
     0 | D:1      | 0 ||| PLANNING D:1-11
    46 | D:1      | Reached XP level 2. HP: 16/16 MP: 3/3
   137 | D:1      | Reached skill level 3 in Ranged Weapons
   138 | D:1      | Found Sydghiga's Assorted Antiques.
   150 | D:1      | 150 ||| SHOPLISTING cyan potion (21 gold, have 20).
   150 | D:1      | 150 ||| SHOPLISTING fuming silvery potion (21 gold, have
                  | 20).
   150 | D:1      | 150 ||| SHOPLISTING runed robe (88 gold, have 20).
   150 | D:1      | 150 ||| SHOPLISTING scroll labelled COFUINL WELIMO (24
                  | gold, have 20).
   150 | D:1      | 150 ||| SHOPLISTING scroll labelled ILUIC YLISU (24 gold,
                  | have 20).
   150 | D:1      | 150 ||| SHOPLISTING scroll labelled YDGHUM LITRO (24 gold,
                  | have 20).
   230 | D:1      | Reached XP level 3. HP: 21/21 MP: 4/4
   553 | D:1      | Found a faded altar of an unknown god.
   570 | D:1      | 570 ||| READING scroll labelled IDAIME QOARRID.
   571 | D:1      | 571 ||| READING scroll labelled YDGHUM LITRO.
   572 | D:1      | 572 ||| DROPPING scroll of poison.
   597 | D:2      | Noticed Robin
   601 | D:2      | 601 ||| STAIRDANCE
   601 | D:2      | HP: 5/21 [goblin/+0 club[Robin] (4)]
   604 | D:1      | HP: 1/21 [goblin/+0 club[Robin] (3)]
   607 | D:1      | Slain by a goblin

Levels and vault maps discovered:
D:1:      mainiacjoe_arrival_reflecting_pool, layout_rooms, serial_shops, shop,
          shapermc_ecumenical_altar_mp_urbaneastern, minmay_misc_feat_cross
D:2:      layout_rooms, uniq_robin

Skill      XL: |  1  2  3 |
---------------+----------+-----
Ranged Weapons | 3 |  3.3
Fighting       | 2 |  2.0
Dodging        | |  1.5
Spellcasting   | |  1.0
Hexes          | |  2.6

Action                     || total
---------------------------++-------
   Fire: Sling             ||   102
    Use: Scroll            ||     2
 Armour: Robe              ||    26
  Dodge: Dodged            ||    43

Table legend:
 A = Non-vault XP
 B = Vault XP
 C = Vault XP percentage of total XP
 D = Non-vault monster count
 E = Vault monster count
 F = Vault count percentage of total count
                 A         B        C        D         E       F
            +---------+---------+-------+---------+---------+-------
      Total |      50 |       5 |   9.1 |      27 |       3 |  10.0
            +---------+---------+-------+---------+---------+-------
        D:1 |      50 |       3 |   5.7 |      27 |       2 |   6.9
        D:2 |       0 |       2 | 100.0 |       0 |       1 | 100.0
            +---------+---------+-------+---------+---------+-------
